Map: Kairos Junction LE

Players

Seph

  • Race: Zerg Zerg
  • Spawn Location: 11:00

gujoe - Winner!

  • Race: Protoss Protoss
  • League: Bronze
  • Spawn Location: 5:00

VOD

Have the link to the VOD?

Description

Time

  • Played on: Feb. 14, 2019, 7:35 p.m.
  • Length: 10:38
Show
View Real Time Build Order
Export as new Build Order

Seph Zerg 

Build Orders: Hatch First 

Get SALT Encoding   

  12  0:04  Drone  
  13  0:13  Overlord  
  13  0:22  Drone  
  14  0:32  Drone  
  15  0:51  Hatchery  
  15  0:54  Drone x2  
  16  0:58  Drone  
  17  1:11  Extractor  
  16  1:19  Spawning Pool  
  16  1:20  Drone  
  17  1:25  Drone  
  17  1:28  Drone  
  18  1:38  Overlord  
  18  2:07  Queen  
  20  2:13  Zergling x4  
  22  2:32  Metabolic Boost  
  22  2:42  Queen  
  24  2:45  Zergling x4  
  26  2:52  Overlord  
  26  2:57  Hatchery  
  25  3:06  Overlord  
  26  3:12  Zergling x2  
  26  3:15  Drone x3  
  29  3:36  Queen  
  31  3:48  Drone x3  
  34  3:53  Zergling x8  
  35  4:06  Drone  
  36  4:10  Drone  
  36  4:14  Pneumatized Carapace  
  36  4:43  Spine Crawler  
  35  4:53  Spore Crawler  
  35  4:57  Extractor  
  33  5:00  Extractor  
  32  5:28  Lair  
  30  5:39  Drone  
  30  5:40  Drone x2  
  30  5:47  Queen  
  32  5:56  Queen  
  34  6:05  Roach Warren  
  34  6:07  Drone x3  
  34  6:11  Zergling x8  
  38  6:12  Zergling x2  
  42  6:18  Zergling x4  
  42  6:19  Zergling x2  
  44  6:39  Overlord x2  
  44  7:28  Roach x6  
  44  7:29  Roach x6  
  70  7:30  Roach  
  59  7:42  Roach  
  23  8:39  Hatchery  
  17  8:44  Roach x4  
  17  8:45  Roach x5  
  23  9:09  Drone x2  
  25  9:13  Drone x3  
  28  9:25  Spawning Pool  
  27  9:33  Extractor  
  26  9:59  Drone  
  27  10:09  Overlord  
Show
View Real Time Build Order
Export as new Build Order

gujoe Protoss - Winner!

Build Orders:  

Get SALT Encoding   

  12  0:01  Probe  
  13  0:13  Probe  
  14  0:22  Pylon  
  14  0:25  Probe  
  15  0:42  Gateway  
  15  0:44  Probe  
  16  0:52  Forge  
  16  1:01  Assimilator  
  16  1:30  Probe  
  16  1:33  Cybernetics Core  
  16  1:38  Probe  
  17  1:41  Pylon  
  18  1:47  Probe  
  18  1:51  Zealot  
  21  1:56  Warp Gate  
  21  2:01  Gateway  
  21  2:04  Gateway  
  21  2:07  Gateway  
  21  2:15  Pylon  
  21  2:17  Probe  
  22  2:29  Probe  
  23  2:42  Assimilator  
  23  2:59  Nexus  
  23  3:17  Zealot x2  
  27  3:31  Probe  
  28  3:36  Protoss Ground Weapons Level 1  
  28  3:43  Probe  
  27  3:55  Probe  
  27  4:01  Stalker  
  27  4:02  Stalker x3  
  35  4:17  Probe  
  35  4:29  Probe  
  36  4:40  Pylon  
  36  4:41  Probe, Stalker x2  
  36  4:42  Pylon  
  41  4:52  Gateway  
  41  4:53  Probe  
  42  5:03  Pylon  
  42  5:05  Probe  
  43  5:10  Pylon  
  43  5:17  Probe  
  44  5:25  Twilight Council  
  44  5:26  Pylon  
  44  5:29  Probe  
  45  5:37  Assimilator  
  45  5:41  Probe  
  44  5:48  Stalker  
  44  5:49  Stalker x2  
  50  5:53  Stalker  
  50  5:54  Probe  
  53  5:58  Stalker  
  55  6:06  Probe  
  56  6:15  Assimilator  
  56  6:18  Probe  
  57  6:28  Stalker x3  
  57  6:29  Stalker  
  57  6:30  Probe  
  66  6:33  Blink  
  66  6:37  Stalker  
  68  6:42  Probe  
  69  6:54  Probe  
  70  7:02  Stalker x2  
  70  7:03  Stalker x2  
  70  7:04  Stalker  
  74  8:17  Stalker x3  
  74  8:18  Stalker x2  
  80  9:22  Stalker x3  
  80  9:23  Stalker x2  
Tags
 
Add a new tag
Caveats
  • Supply blocks, unpowered buildings, or Contaminate may cause inaccurate times.
  • Supply counts are checked every 10 seconds.